Map: Submarine LE

Players

Mobius

  • Race: Terran Terran
  • League: Diamond
  • Spawn Location: 11:00

Notausername - Winner!

  • Race: Protoss Protoss
  • League: Diamond
  • Spawn Location: 5:00

VOD

Have the link to the VOD?

Description

Time

  • Played on: Oct. 14, 2020, 9:07 p.m.
  • Length: 11:55
Show
View Real Time Build Order
Export as new Build Order

Mobius Terran 

Build Orders: Reaper Expand 

Get SALT Encoding   

  12  0:00  SCV  
  13  0:12  SCV  
  14  0:17  Supply Depot  
  14  0:24  SCV  
  15  0:38  SCV  
  15  0:39  Barracks  
  16  0:45  Refinery  
  16  0:50  SCV  
  17  1:07  SCV  
  18  1:19  SCV  
  19  1:38  Orbital Command  
  19  1:39  Reaper  
  20  1:43  Command Center  
  20  1:52  Supply Depot  
  20  2:03  SCV  
  20  2:06  Factory  
  21  2:15  SCV  
  21  2:21  Marine  
  23  2:23  Bunker  
  23  2:29  SCV  
  24  2:34  Refinery  
  24  2:39  Barracks Reactor  
  24  2:41  SCV  
  25  2:53  SCV  
  25  2:55  Orbital Command  
  26  3:01  Starport  
  26  3:05  SCV  
  27  3:07  Widow Mine  
  29  3:16  Marine x2  
  29  3:17  SCV  
  31  3:29  Factory Tech Lab  
  31  3:33  Marine  
  31  3:34  SCV, Marine  
  34  3:35  SCV  
  34  3:38  Supply Depot  
  34  3:41  Viking  
  37  3:46  SCV  
  37  3:47  Cyclone  
  41  3:49  SCV  
  41  3:51  Marine  
  43  3:59  SCV  
  43  4:01  Supply Depot  
  44  4:04  Barracks  
  44  4:10  Barracks  
  44  4:11  SCV x2  
  44  4:14  Starport Reactor  
  46  4:22  Cyclone  
  46  4:23  SCV  
  50  4:26  Marine, Supply Depot  
  50  4:29  SCV  
  52  4:35  SCV  
  52  4:44  Marine x2  
  53  4:49  SCV x2, Engineering Bay  
  53  4:51  Supply Depot  
  55  4:53  Barracks Tech Lab  
  55  4:56  Siege Tank  
  55  4:57  Barracks Tech Lab  
  58  5:01  SCV, Marine  
  58  5:02  Marine  
  61  5:08  Medivac  
  61  5:09  SCV  
  61  5:12  Marine  
  61  5:13  SCV  
  66  5:14  Refinery  
  66  5:15  Supply Depot  
  66  5:21  SCV, Marine  
  66  5:22  Marine x2  
  66  5:24  Stimpack  
  66  5:25  SCV  
  71  5:32  Refinery  
  71  5:34  SCV, Marine  
  73  5:39  SCV, Marine x2  
  73  5:41  Terran Infantry Weapons Level 1  
  76  5:46  SCV  
  76  5:49  Marine  
  78  5:51  SCV  
  79  5:58  SCV, Supply Depot  
  79  6:02  Command Center  
  79  6:03  Marine, Marauder  
  83  6:04  Supply Depot  
  83  6:05  Combat Shield  
  83  6:07  SCV  
  83  6:09  Medivac  
  85  6:19  Marine  
  85  6:20  SCV, Marauder  
  85  6:22  Supply Depot  
  89  6:28  Supply Depot  
  89  6:31  Medivac  
  91  6:33  SCV x2  
  93  6:45  Medivac  
  95  6:47  Command Center, Marauder, Marine  
  95  6:48  Marauder, Marine  
  101  6:54  Supply Depot  
  101  6:55  Supply Depot  
  101  6:56  SCV x2  
  102  7:06  Siege Tank  
  102  7:07  Medivac  
  107  7:08  SCV x2  
  109  7:17  Barracks x2  
  109  7:18  Orbital Command  
  109  7:25  SCV  
  110  7:30  Barracks x2  
  110  7:32  Marine x2, Marauder  
  110  7:33  Marauder  
  116  7:37  Terran Infantry Armor Level 1  
  116  7:38  SCV x2  
  118  7:50  Marine x2  
  120  7:54  Marauder  
  122  7:59  SCV x2  
  122  8:04  Planetary Fortress  
  124  8:06  Missile Turret  
  124  8:07  Barracks Tech Lab x2  
  124  8:10  Ghost Academy  
  124  8:11  SCV  
  124  8:12  Armory, Marine x2, Engineering Bay  
  127  8:13  Marauder  
  127  8:15  Concussive Shells, Marine  
  127  8:19  Barracks Reactor, Barracks Tech Lab  
  130  8:22  SCV  
  130  8:23  SCV, Refinery x2  
  130  8:25  Missile Turret  
  130  8:26  Missile Turret  
  132  8:32  Marine x3  
  135  8:36  Viking x2  
  135  8:37  SCV x2  
  141  8:46  SCV  
  141  8:47  Starport  
  142  8:49  SCV x2  
  144  8:56  Enhanced Shockwaves  
  144  8:57  Ghost x2  
  144  9:00  Ghost  
  144  9:01  Marine  
  149  9:17  Terran Infantry Weapons Level 2  
  144  9:27  Marine x6  
  144  9:29  Marine  
  142  9:40  Viking x2  
  142  9:43  Starport  
  142  9:44  Marine  
  142  9:45  Marine x5, Starport  
  152  9:51  Ghost  
  154  9:53  SCV x3  
  154  9:56  Barracks  
  154  9:57  Barracks  
  157  10:13  Ghost  
  157  10:14  Marauder, Ghost, Marine  
  164  10:21  Supply Depot  
  164  10:22  Supply Depot  
  164  10:23  Supply Depot  
  164  10:24  Supply Depot  
  164  10:25  Starport Reactor  
  164  10:28  Marine  
  164  10:30  Starport Reactor  
  164  10:32  Marine x2, Ghost  
  164  10:35  Marine  
  134  10:43  Marauder x2  
  134  10:47  Marauder  
  116  10:50  Marine x2  
  116  10:51  Viking x2  
  116  10:53  Marine  
  116  10:54  Barracks Tech Lab x2  
  122  11:01  Viking x2, Marine  
  122  11:04  Marine x2  
  127  11:08  Marine x3  
  127  11:10  Viking x2, Marine  
  114  11:19  Marine  
  114  11:21  Viking  
  114  11:22  Marauder x2  
  102  11:26  Ghost  
  102  11:27  Marine  
Show
View Real Time Build Order
Export as new Build Order

Notausername Protoss - Winner!

Build Orders: 1 Gate Expand 

Get SALT Encoding   

  12  0:02  Probe  
  13  0:14  Probe  
  14  0:17  Pylon  
  14  0:26  Probe  
  14  0:27  Assimilator  
  15  0:38  Probe  
  16  0:44  Gateway  
  16  0:50  Probe  
  17  1:02  Probe  
  18  1:14  Probe  
  19  1:26  Probe  
  20  1:36  Nexus  
  20  1:42  Cybernetics Core  
  20  1:48  Assimilator  
  20  1:55  Pylon  
  20  1:57  Probe  
  21  2:13  Probe  
  21  2:14  Warp Gate  
  22  2:19  Stargate  
  22  2:21  Stalker (Chrono Boost)  
  25  2:30  Probe  
  25  2:49  Probe x2  
  25  2:50  Stalker  
  29  2:54  Void Ray (Chrono Boost)  
  29  3:01  Probe x2  
  35  3:13  Probe x2  
  37  3:20  Stalker  
  37  3:25  Void Ray (Chrono Boost)  
  39  3:28  Probe x2  
  41  3:38  Pylon  
  45  3:42  Probe  
  45  3:48  Pylon  
  46  3:56  Probe  
  46  4:01  Stalker  
  49  4:07  Probe  
  49  4:08  Probe  
  49  4:09  Void Ray (Chrono Boost)  
  51  4:11  Assimilator  
  51  4:19  Probe  
  51  4:20  Probe  
  51  4:23  Pylon  
  57  4:41  Probe x2  
  57  4:45  Robotics Facility  
  59  4:51  Void Ray (Chrono Boost)  
  59  4:53  Probe x2  
  59  4:58  Nexus  
  59  4:59  Assimilator  
  61  5:05  Probe  
  66  5:09  Probe  
  67  5:17  Probe  
  67  5:18  Stargate  
  67  5:21  Probe  
  69  5:30  Probe  
  70  5:37  Pylon  
  70  5:38  Pylon  
  70  5:40  Pylon  
  70  5:44  Robotics Bay  
  70  5:47  Void Ray (Chrono Boost)  
  70  5:55  Void Ray (Chrono Boost), Probe  
  70  5:56  Shield Battery  
  75  5:58  Shield Battery  
  75  6:01  Shield Battery  
  75  6:03  Shield Battery  
  79  6:05  Shield Battery  
  79  6:06  Probe  
  79  6:07  Probe  
  81  6:12  Stalker  
  81  6:18  Probe  
  84  6:19  Probe x2  
  86  6:27  Fleet Beacon  
  86  6:29  Extended Thermal Lance, Assimilator  
  86  6:30  Probe  
  86  6:31  Probe x2  
  89  6:33  Assimilator  
  89  6:42  Probe  
  89  6:43  Probe x2  
  92  6:49  Pylon  
  92  7:04  Colossus (Chrono Boost)  
  98  7:15  Probe x2  
  100  7:17  Carrier (Chrono Boost)  
  100  7:20  Pylon  
  106  7:23  Pylon  
  106  7:24  Probe  
  106  7:27  Probe x2  
  106  7:28  Gateway  
  106  7:29  Carrier (Chrono Boost), Gateway  
  115  7:43  Probe  
  115  7:44  Probe  
  118  7:47  Colossus (Chrono Boost)  
  118  7:50  Stalker  
  125  7:59  Nexus  
  125  8:01  Pylon  
  125  8:12  Protoss Air Weapons Level 1  
  125  8:32  Pylon  
  125  8:34  Pylon  
  125  8:37  Pylon  
  125  8:47  Carrier (Chrono Boost)  
  125  8:49  Oracle (Chrono Boost)  
  125  8:53  Stalker x3  
  140  9:12  Colossus  
  138  9:35  Probe x3  
  141  9:44  Carrier (Chrono Boost)  
  153  9:48  Carrier (Chrono Boost)  
  153  9:53  Pylon  
  153  9:55  Pylon  
  150  10:12  Stalker x3  
Tags
 
Add a new tag
Caveats
  • Supply blocks, unpowered buildings, or Contaminate may cause inaccurate times.
  • Supply counts are checked every 10 seconds.